 Dungeon Crawl Stone Soup version 0.29-a0-384-g6960b1960d (webtiles) character file.

Game seed: 15559766352422994194

3595 gimp the Cleaver (level 10, -4/79 HPs)
             Began as a Formicid Wanderer on May 7, 2022.
             Was a Believer of the Shining One.
             Slain by a yak (12 damage)
             ... on level 8 of the Dungeon on May 8, 2022.
             The game lasted 00:13:31 (9168 turns).

gimp the Cleaver (Formicid Wanderer)                Turns: 9168, Time: 00:13:32

Health: -4/79      AC: 16    Str: 20 (21) XL:     10   Next: 31%
Magic:  14/14      EV:  7    Int:  7 (10) God:    the Shining One [**....]
Gold:   284        SH:  5    Dex: 11 (12) Spells: 9/9 levels left

rFire   . . .      SeeInvis +   a - +0 hand axe (flame)
rCold   . . .      Faith    .   k - +0 buckler {AC+3}
rNeg    + . .      Spirit   .   t - +0 chain mail
rPois   .          Reflect  .   (helmet unavailable)
rElec   .          Harm     .   j - +1 cloak
rCorr   .          Rampage  .   (no gloves)
Will    ++...                   (no boots)
Stlth   ..........              (no amulet)
HPRegen 0.23/turn               n - ring of willpower
MPRegen 0.14/turn               l - ring of flight

@: flying, glowing
A: permanent stasis, dig shafts and tunnels, antennae 3, four strong arms
a: Dig, Shaft Self, Renounce Religion, Divine Shield


You were on level 8 of the Dungeon.
You worshipped the Shining One.
The Shining One was pleased with you.
You visited 2 branches of the dungeon, and saw 9 of its levels.

You collected 540 gold pieces.
You spent 256 gold pieces at shops.

Inventory:

Hand Weapons
 a - a +0 hand axe of flaming (weapon)
 b - a +1 vorpal battleaxe
 u - a +1 spear of venom
Armour
 d - the +5 tower shield of Filth {Rampage rF+ SInv}
   (You acquired it on level 4 of the Dungeon)

   rF:        It protects you from fire.
   SInv:      It lets you see invisible.
   Rampage:   It bestows one free step when moving towards enemies.
 g - the +2 ring mail "Ximysh" {*Slow rPois rC+ rN+}
   (You found it on level 5 of the Dungeon)

   rC:        It protects you from cold.
   rPois:     It protects you from poison.
   rN:        It protects you from negative energy.
   *Slow:     It may slow you when you take damage.
 j - a +1 cloak (worn)
 k - a +0 buckler of protection (worn)
 t - a +0 chain mail (worn)
Jewellery
 l - a ring of flight (right hand)
 n - a ring of willpower (left hand)
 q - a ring of fire
Wands
 h - a wand of flame (2)
 v - a wand of polymorph (12)
 w - a wand of charming (2)
Scrolls
 c - a scroll of brand weapon
 f - a scroll of magic mapping
 s - a scroll of fog
Potions
 e - a potion of flight
 i - 2 potions of mutation {unknown}
 m - a potion of magic
 p - a potion of cancellation
 r - 2 potions of brilliance


   Skills:
 - Level 7.0 Fighting
 * Level 9.8(9.9) Axes
 - Level 2.0(6.5) Polearms
 + Level 7.5 Armour
 - Level 5.0 Shields
 + Level 6.4 Invocations


You had 9 spell levels left.
You didn't know any spells.
Your spell library contained the following spells:

 Spells                   Type           Power      Damage    Failure   Level
 Corpse Rot               Necr/Air       0%         N/A       100%        2
 Ensorcelled Hibernation  Hex/Ice        0%         N/A       100%        2
 Poisonous Vapours        Pois/Air       0%         N/A       100%        2
 Confusing Touch          Hex            0%         N/A       100%        3
 Gell's Gravitas          Tloc           0%         N/A       100%        3
 Spider Form              Tmut/Pois      0%         N/A       100%        3
 Teleport Other           Tloc           0%         N/A       100%        3
 Anguish                  Hex/Necr       0%         N/A       100%        4
 Cause Fear               Hex            0%         N/A       100%        4
 Yara's Violent Unravell  Hex/Tmut       0%         3d3       100%        5
 Dispersal                Tloc           0%         N/A       100%        6
 Dragon Form              Tmut           0%         N/A       100%        7
 Enfeeble                 Hex            0%         N/A       100%        7
 Dragon's Call            Summ           0%         N/A       100%        9


Dungeon Overview and Level Annotations

Branches:
Dungeon (8/15)             Temple (1/1) D:4
   Lair: D:8-11

Altars:
Ashenzari
Cheibriados
Dithmenos
Elyvilon
Fedhas
Gozag
Hepliaklqana
Kikubaaqudgha
Makhleb
Nemelex Xobeh
Okawaru
Qazlal
Ru
Sif Muna
Trog
Uskayaw
Vehumet
Xom
Yredelemnul
Zin
The Shining One

Shops:
D:4 (   D:6 *


Innate Abilities, Weirdness & Mutations

You cannot be hasted, slowed, berserked, paralysed or teleported.
You can dig through walls and to a lower floor.
You have a pair of large antennae on your head. (SInv)
Your four strong arms can wield two-handed weapons with a shield.


Message History

You hit the yak but do no damage. You hit the killer bee.
You burn the killer bee.
The killer bee stings you but does no damage.
You block the yak's attack. The yak gores you but does no damage.
You block the killer bee's attack.
You hit the yak but do no damage.
The yak is moderately wounded.
You hit the killer bee but do no damage.
You hit the yak. You burn the yak.
The killer bee stings you but does no damage.
The yak barely misses you. The yak gores you!
* * * LOW HITPOINT WARNING * * *
You take 8 damage, and have 5/79 hp.
You feel better.
The killer bee stings you but does no damage.
The killer bee stings you.
* * * LOW HITPOINT WARNING * * *
You are poisoned.
The killer bee poisons you! You block the yak's attack.
The yak closely misses you.
You regained 10 hp, and now have 15/79 hp.
You feel better.
The killer bee barely misses you. x2; The yak gores you!
* * * LOW HITPOINT WARNING * * *
The yak gores you but does no damage.
You take 2 damage, and have 13/79 hp.
It was a potion of degeneration.
There was something very wrong with that liquid.
You feel weakened.
You feel dopey.
You feel clumsy. The killer bee closely misses you.
The killer bee completely misses you. You block the yak's attack.
The yak closely misses you.
You hit the yak. You burn the yak.
The yak is heavily wounded.
You hit the yak but do no damage. You hit the killer bee.
You burn the killer bee. The killer bee stings you.
* * * LOW HITPOINT WARNING * * *
The killer bee stings you but does no damage.
The yak gores you.
* * * LOW HITPOINT WARNING * * *
The yak gores you!
You die...

#.....#....#......#
#.....#....#......#
#....#......#
####'#......#
#+####....########
#..........#
#..........#
#<.........#
+Y@.##.....# {
#yY†##.....#
#.†.##.....#
#..†.......#
.............#
...............#
...##...##..... ...
#...# ..... +#
#...# ...#


You could see 2 yaks and a killer bee.

Vanquished Creatures
  A manticore (D:7)
  Grinder (D:3)
  A yak (D:8)
  A water moccasin (D:6)
  An orc warrior (D:8)
  4 black bears
  2 ice beasts
  2 ogres
  A phantom (D:5)
  4 bullfrogs
  A necrophage (D:6)
  A gnoll sergeant (D:5)
  A wyvern zombie (D:5)
  A scorpion (D:6)
  3 wights
  4 killer bees (D:8)
  A centaur zombie (D:5)
  5 howler monkeys (D:7)
  3 hounds (D:5)
  A bullfrog skeleton (D:5)
  2 gnoll shamans
  2 orc priests (D:4)
  An orc wizard (D:5)
  A scorpion zombie (D:5)
  Natasha (twice) (D:4)
  2 iguanas
  4 hound zombies (D:5)
  20 gnolls
  8 adders
  3 river rats (D:6)
  A shadow imp (D:7)
  2 ufetubi
  A worm (D:4)
  3 dart slugs
  7 orcs
  3 bats
  5 endoplasms
  5 giant cockroaches
  2 goblins
  6 hobgoblins
  2 jackals (D:1)
  5 kobolds
  6 quokkas
  8 ball pythons
  3 frilled lizards
  2 rats
145 creatures vanquished.

Vanquished Creatures (others)
  12 fungi
  53 plants
  4 toadstools (D:6)
  4 withered plants (D:5)
73 creatures vanquished.

Grand Total: 218 creatures vanquished

Notes
Turn   | Place    | Note
-------+----------+-------------------------------------------
     0 | D:1      | gimp the Formicid Wanderer began the quest for the Orb.
     0 | D:1      | gimp set off with the following items: a +1 spear, a +0
                  | buckler of protection, a potion of lignification, a +0
                  | leather armour
     0 | D:1      | Reached XP level 1. HP: 20/20 MP: 1/1
   201 | D:1      | Reached skill level 5 in Shields
   201 | D:1      | Reached XP level 2. HP: 26/26 MP: 2/2
   340 | D:1      | Reached skill level 1 in Axes
   371 | D:1      | Reached skill level 1 in Armour
   371 | D:1      | Reached XP level 3. HP: 31/31 MP: 3/3
  1146 | D:2      | Reached XP level 4. HP: 38/38 MP: 4/4
  1257 | D:2      | Reached skill level 2 in Axes
  1303 | D:2      | Reached skill level 5 in Fighting
  1832 | D:3      | Found a shadowy altar of Dithmenos.
  2062 | D:3      | Found a burning altar of Makhleb.
  2076 | D:3      | Found a sacrificial altar of Ru.
  2112 | D:3      | Found a shimmering altar of Xom.
  2206 | D:3      | Reached XP level 5. HP: 39/44 MP: 5/5
  2242 | D:3      | Found a faded altar of an unknown god.
  2329 | D:3      | Noticed Grinder
  2367 | D:3      | Killed Grinder
  2368 | D:3      | Reached skill level 4 in Axes
  2368 | D:3      | Reached XP level 6. HP: 45/51 MP: 6/6
  2776 | D:4      | Noticed an ogre
  2785 | D:4      | Killed an ogre
  2786 | D:4      | Reached XP level 7. HP: 56/57 MP: 7/7
  3175 | D:4      | Found Loewk's Antique Weapon Shop.
  3605 | D:4      | Identified a scroll of acquirement
  3605 | D:4      | Acquired the +5 tower shield of Filth {Rampage rF+ SInv}
  3641 | D:3      | Reached skill level 5 in Axes
  4304 | D:4      | Found a staircase to the Ecumenical Temple.
  4307 | D:4      | Noticed Natasha
  4314 | D:4      | Killed Natasha
  4321 | Temple   | Entered the Ecumenical Temple
  4413 | Temple   | Became a worshipper of the Shining One
  4482 | D:4      | Noticed Natasha
  4488 | D:4      | Killed Natasha
  4729 | D:5      | Entered Level 5 of the Dungeon
  4737 | D:5      | Reached XP level 8. HP: 62/65 MP: 8/8
  4767 | D:5      | Identified the +2 ring mail "Ximysh" {*Slow rPois rC+ rN+}
  4774 | D:5      | Reached skill level 6 in Axes
  4884 | D:5      | Reached skill level 1 in Invocations
  4891 | D:5      | Reached * piety under the Shining One
  5212 | D:5      | Found an opulent altar of Gozag.
  5292 | D:5      | Reached skill level 5 in Armour
  5608 | D:5      | Reached XP level 9. HP: 57/72 MP: 9/11
  5611 | D:5      | Reached skill level 7 in Axes
  5929 | D:4      | Bought a runed battleaxe for 256 gold pieces
  6943 | D:6      | Found Heocyby's Assorted Antiques.
  7491 | D:6      | Reached skill level 8 in Axes
  8370 | D:7      | Reached skill level 5 in Invocations
  8423 | D:7      | Reached skill level 9 in Axes
  8423 | D:7      | Reached XP level 10. HP: 46/79 MP: 12/14
  8428 | D:7      | Noticed a manticore
  8725 | D:7      | Killed a manticore
  9019 | D:8      | Found an iron altar of Okawaru.
  9019 | D:8      | Found a bloodstained altar of Trog.
  9144 | D:8      | Reached ** piety under the Shining One
  9168 | D:8      | Slain by a yak

Illustrated notes

Levels and vault maps discovered:
D:1:      dpeg_arrival_arbitrary_c, layout_loops_ring, dk_noncrumbling_3
D:2:      layout_loops_ring
D:3:      layout_loops_ring, grunt_dithmenos_smoke,
          minmay_overflow_temple_star_quad, basic_ecumenical_altar, uniq_grinder
D:4:      layout_basic, minmay_temple_entry_statues_fountains, serial_aquarium,
          aquarium_bridge_straight [aquarium_subvault_bridge,
          aquarium_subvault_wall, aquarium_subvault_bridge,
          aquarium_subvault_balcony], aquarium_bridge_square
          [aquarium_subvault_wall, aquarium_subvault_bridge,
          aquarium_subvault_window, aquarium_subvault_bridge],
          aquarium_window_fake, aquarium_window_1, aquarium_window_1,
          aquarium_window_corridor_2, aquarium_view_4, aquarium_view_2f,
          aquarium_pool_side, serial_shops, nicolae_shop_hallway_stairs,
          chequers_serial_rivers_micro_a, uniq_natasha
D:5:      layout_loops_cross, nicolae_overflow_hidden_temple, serial_undead,
          serial_undead_e, serial_undead_d, serial_undead_d, serial_undead_b
D:6:      wad_woods_settlement, layout_basic, serial_shops,
          nicolae_shop_statue_plus, minmay_gold_behind_fungi
D:7:      layout_basic
D:8:      layout_gridville, grunt_temple_overflow_bloody_war, dpeg_oklobed_lair,
          ebering_ghost_gozag
Temple:   nicolae_temple_great_sept

Skill      XL: |  1  2  3  4  5  6  7  8  9 10 |
---------------+-------------------------------+-----
Shields        | 5 |  5.0
Axes           | 1 2 4 5 6 9 |  9.8
Armour         | 1 2 3 4 5 6 7 |  7.5
Fighting       | 5 6 7 |  7.0
Invocations    | 2 5 6 |  6.4
Polearms       | |  2.0

Action                   |  1- 3 |  4- 6 |  7- 9 | 10-12 || total
-------------------------+-------+-------+-------+-------++-------
Melee: Spear             |    26 |    88 |   171 |       ||   285
       Halberd           |    48 |    28 |       |       ||    76
       Hand axe          |     3 |       |   304 |    41 ||   348
       Dagger            |       |    24 |       |       ||    24
 Abil: Dig               |       |     1 |     8 |     1 ||    10
Evoke: Wand              |       |       |       |     5 ||     5
  Use: Potion            |       |     1 |     3 |     6 ||    10
       Scroll            |       |       |    15 |     2 ||    17
Armor: Leather armour    |    33 |    27 |     5 |       ||    65
       Skin              |       |    17 |       |       ||    17
       Chain mail        |       |       |   236 |    55 ||   291
Dodge: Dodged            |    37 |    37 |   133 |    36 ||   243
Block: Buckler           |    15 |    27 |   105 |    16 ||   163

Table legend: (Time is in decaauts)
 A = Elapsed time spent in this place.
 B = Non-inter-level travel time spent in this place.
 C = Inter-level travel time spent in this place.
 D = Time resting spent in this place.
 E = Time spent auto-exploring this place.
 F = Levels seen in this place.
 G = Mean time per level.
                   A        B        C        D        E       F      G
               +--------+--------+--------+--------+--------+-----+--------+
         Total |   9169 |   8868 |    301 |    931 |   6245 |   9 | 1018.8 |
       Dungeon |   9066 |   8765 |    301 |    931 |   6182 |   8 | 1133.2 |
        Temple |    102 |    102 |      0 |      0 |     63 |   1 |  102.0 |
               +--------+--------+--------+--------+--------+-----+--------+

Top non-repeatable levels by time:
     D:5: 1756 daAuts
     D:6: 1742 daAuts
     D:4: 1580 daAuts
     D:3: 1324 daAuts
     D:2: 1166 daAuts
     D:1: 667 daAuts
     D:7: 637 daAuts
     D:8: 191 daAuts
  Temple: 102 daAuts
